 Dungeon Crawl Stone Soup version 0.30-a0-918-g0ff054e9dc (webtiles) character file.

Game seed: 5614927590061773695

47 Pimp the Ducker (level 3, 0/24 (28) HPs)
             Began as a Demonspawn Gladiator on Mar 20, 2023.
             Slain by a gnoll
             ... wielding a +0 spear
              (4 damage)
             ... on level 2 of the Dungeon.
             The game lasted 00:04:09 (1391 turns).

Pimp the Ducker (Demonspawn Gladiator)              Turns: 1391, Time: 00:04:09

HP:   0/24 (28)     AC:  7    Str: 16    XL:     3   Next: 48%
MP:   3/3           EV: 10    Int: 11    God:
Gold: 173           SH:  0    Dex: 14    Spells: 3/3 levels left

rFire   . . .      SeeInvis .    l - +1 battleaxe
rCold   . . .      Faith    .    (shield currently unavailable)
rNeg    . . .      Spirit   .    m - +0 scale mail
rPois   .          Reflect  .    c - +0 helmet
rElec   .          Rampage  .    (no cloak)
rCorr   .                        (no gloves)
Will    +....                    (no boots) Stlth
                                 (no amulet)
HPRegen 0.24/turn                n - ring of willpower
MPRegen 0.08/turn                (no ring)

@: heavily drained
A: big brain 1
a: no special abilities


You were on level 2 of the Dungeon.
You visited 1 branch of the dungeon, and saw 2 of its levels.

You collected 173 gold pieces.

Inventory:

Hand Weapons
 a - a +0 war axe
 l - a +1 battleaxe (weapon)
Missiles
 d - 3 throwing nets (quivered)
 e - a javelin
Armour
 b - a +0 leather armour
 c - a +0 helmet (worn)
 m - a +0 scale mail (worn)
Jewellery
 i - a ring of fire
 n - a ring of willpower (left hand)
Scrolls
 k - a scroll of magic mapping
 o - a scroll of amnesia
Potions
 f - 2 potions of curing
 g - a potion of flight


   Skills:
 + Level 2.5 Fighting
 + Level 3.0 Axes
 + Level 2.2 Throwing
 + Level 3.1 Dodging
 + Level 0.5 Spellcasting


You had 3 spell levels left.
You didn't know any spells.
Your spell library was empty.

Dungeon Overview and Level Annotations

Branches:
Dungeon (2/15)

Altars:

Shops:
D:1 (:


Innate Abilities, Weirdness & Mutations

You have an unusually large brain. (Int +2)


Message History

The bat hits you but does no damage. The bat barely misses you.
You miss the bat.
The bat is moderately wounded.
The bat hits you but does no damage. The bat barely misses you.
You slash the endoplasm!
You kill the endoplasm!
The bat hits you but does no damage. The bat hits you.
The bat hits you but does no damage. The bat barely misses you.
You barely miss the bat. The bat hits you but does no damage.
A gnoll comes into view. It is wielding a +0 halberd.
The bat completely misses you.
You barely miss the bat. The bat hits you but does no damage.
The bat misses you. The bat misses you.
The gnoll hits you from afar with a +0 halberd.
The gnoll hits you with a +0 halberd.
You slash the gnoll!
The gnoll is severely wounded.
You barely miss the bat. The bat barely misses you.
The bat hits you but does no damage. The gnoll closely misses you.
The bat hits you but does no damage. The gnoll hits you with a +0 halberd.
You slash the gnoll!
You kill the gnoll!
You slash the bat!
You kill the bat!
A gnoll comes into view. It is wielding a +0 spear.
The gnoll shouts!
A gnoll comes into view. It is wielding a +0 spear.
Things that are here:
a +0 halberd; a +0 ring mail; a ring of willpower The gnoll shouts!
The gnoll hits you from afar with a +0 spear.
The gnoll hits you with a +0 spear.
* * * LOW HITPOINT WARNING * * *
You barely miss the gnoll.
The gnoll hits you from afar with a +0 spear.
* * * LOW HITPOINT WARNING * * *
The gnoll hits you with a +0 spear.
You die...

..... #...## .###.. .#.....
#....# #....##........
.###....### #...##..#.......
..........# #...##.#........
..........###...##..........
....?....$.##...#............
...........##gg..............
...........)@...........# ...
.........#...)..........###.#
...##...###....>..........#.#
...#..#.##............###....
..........††..#..####.#......
..####..........####...#####
.. ....................#....
###......#..##.###.......
...........##.# ####....


You could see 2 gnolls.

Vanquished Creatures
  A gnoll (D:2)
  A ball python (D:2)
  3 endoplasms
  2 giant cockroaches
  2 goblins
  3 hobgoblins (D:1)
  4 jackals (D:2)
  3 kobolds
  A quokka (D:1)
  7 bats
  2 frilled lizards (D:1)
  3 rats (D:1)
32 creatures vanquished.

Notes
Turn   | Place    | Note
-------+----------+-------------------------------------------
     0 | D:1      | Pimp the Demonspawn Gladiator began the quest for the Orb.
     0 | D:1      | Reached XP level 1. HP: 16/16 MP: 1/1
    95 | D:1      | Gained mutation: You have an unusually large brain. (Int
                  | +2) [demonic ancestry]
    95 | D:1      | Reached XP level 2. HP: 22/22 MP: 2/2
   234 | D:1      | Found Ocaopse's Antique Weapon Shoppe.
   312 | D:1      | Found Lemem's Book Shop.
  1297 | D:2      | Reached XP level 3. HP: 12/23 MP: 3/3
  1391 | D:2      | Slain by a gnoll

Illustrated notes

Levels and vault maps discovered:
D:1:      erik_arrival_cave_to_civilisation [erik_arrival_cave_to_hall],
          layout_loops_ring, serial_shops, shop_coins, shop,
          chequers_serial_rivers_large_a, minmay_misc_feat_four_crosses,
          corexii_corridor_pit
D:2:      layout_rooms

Skill      XL: |  1  2 |
---------------+-------+-----
Throwing       | 2 |  2.2
Dodging        | 3 |  3.1
Axes           | 3 |  3.0
Fighting       | |  2.5
Spellcasting   | |  0.5

Action                     || total
---------------------------++-------
  Melee: War axe           ||    29
         Battleaxe         ||    56
    Use: Scroll            ||     6
   Stab: Sleeping          ||     1
 Armour: Leather armour    ||    18
         Scale mail        ||    38
  Dodge: Dodged            ||    77

Table legend: (Time is in decaauts)
 A = Elapsed time spent in this place.
 B = Non-inter-level travel time spent in this place.
 C = Inter-level travel time spent in this place.
 D = Time resting spent in this place.
 E = Time spent auto-exploring this place.
 F = Levels seen in this place.
 G = Mean time per level.
                   A        B        C        D        E       F      G
               +--------+--------+--------+--------+--------+-----+--------+
         Total |   1449 |   1414 |     35 |    221 |    886 |   2 |  724.5 |
       Dungeon |   1449 |   1414 |     35 |    221 |    886 |   2 |  724.5 |
               +--------+--------+--------+--------+--------+-----+--------+

Top non-repeatable levels by time:
     D:1: 1159 daAuts
     D:2: 290 daAuts
